 Dungeon Sprint DCSS version 0.20-a0-947-g2784f4f (webtiles) character file.

13957 Kidiri the Eclecticist (level 11, 0/68 HPs)
             Began as a Deep Elf Fire Elementalist on Apr 3, 2017.
             Was the Champion of Vehumet.
             Slain by a blink frog (19 damage)
             ... in the Dungeon (Sprint III: "The Ten Rune Challenge").
             The game lasted 00:25:18 (3397 turns).

Kidiri the Eclecticist (Deep Elf Fire Elementalist) Turns: 3397, Time: 00:25:19

Health: 0/68       AC:  5    Str:  5    XL:     11   Next: 82%
Magic:  16/33      EV: 20    Int: 24    God:    Vehumet [******]
Gold:   39         SH:  0    Dex: 15    Spells: 6/42 levels left

rFire    . . .     SeeInvis .   l - +0 dagger
rCold    . . .     Gourm    .   (no shield)
rNeg     . . .     Faith    .   a - +0 robe
rPois    .         Spirit   .   (no helmet)
rElec    .         Reflect  .   (no cloak)
rCorr    .         Harm     .   j - +0 pair of gloves
MR       +....     Rnd*Rage +   (no boots) Stlth ++........NoTele +
                                (no amulet)
Regen    0.3/turn               (no ring)
MPRegen  0.3/turn               (no ring)

@: no status effects
A: berserk 1, deterioration 1, shaggy fur 1, evolution 1
a: Renounce Religion


You were in the Dungeon.
You worshipped Vehumet.
Vehumet was exalted by your worship.
You were completely stuffed.

You visited 1 branch You collected 39 gold pieces.

Inventory:

Hand Weapons
 l - a +0 dagger (weapon)
Armour
 a - a +0 robe (worn)
 j - a +0 pair of gloves (worn)
Wands
 k - a wand of flame (26/48)
Scrolls
 m - a scroll of torment
 o - 3 scrolls of remove curse
 r - a scroll of immolation
Potions
 f - a potion of haste
 g - a potion of magic
 h - 2 potions of berserk rage
 q - 3 potions of flight
Comestibles
 p - 21 royal jellies


   Skills:
 + Level 7.7 Fighting
 + Level 8.8 Short Blades
 + Level 7.8 Armour
 + Level 11.3 Dodging
 - Level 2.4 Stealth
 * Level 16.3 Spellcasting
 + Level 10.3 Conjurations
 + Level 10.8 Fire Magic
 + Level 8.4 Ice Magic
 + Level 7.8 Air Magic
 + Level 8.4 Poison Magic
 + Level 9.8 Evocations


You had 6 spell levels left.
You knew the following spells:

 Your Spells              Type           Power        Failure   Level  Hunger
a - Flame Tongue          Conj/Fire      #####        1%          1    None
b - Throw Flame           Conj/Fire      ######       1%          2    None
c - Conjure Flame         Conj/Fire      ######..     1%          3    None
d - Inner Flame           Hex/Fire       #####...     1%          3    None
e - Sticky Flame          Conj/Fire      ######..     1%          4    None
f - Fireball              Conj/Fire      ######....   1%          5    #......
g - Mephitic Cloud        Conj/Pois/Air  ######..     1%          3    None
h - Freeze                Ice            ####         1%          1    None
i - Throw Icicle          Conj/Ice       ######..     1%          4    None
j - Olgreb's Toxic Radia  Pois           ######..     1%          4    None
k - Bolt of Cold          Conj/Ice       ######....   3%          6    ####...


Dungeon Overview and Level Annotations

Branches:
Dungeon (1/1)

Altars:
Cheibriados
Dithmenos
Elyvilon
Fedhas
Gozag
Hepliaklqana
Kikubaaqudgha
Makhleb
Nemelex Xobeh
Okawaru
Qazlal
Ru
Sif Muna
Trog
Uskayaw
Vehumet
Wu Jian
Xom
Yredelemnul
Zin
The Shining One
Beogh
Jiyva
Lugonu

Annotations:
D exclusion: 3 doors


Innate Abilities, Weirdness & Mutations

You tend to lose your temper in combat.
Your body sometimes deteriorates upon taking damage.
You are covered in fur. (AC +1)
You evolve.


Message History

Confirm with . or Enter, or press ? or * to list all spells.
Aiming: Sticky Flame
Press: ? - help, Shift-Dir - straight line, f - black mamba
Aim: a black mamba (flame)
The sticky flame hits the black mamba.
The black mamba is lightly wounded.
The black mamba is covered in liquid flames!
The black mamba burns!
The black mamba is engulfed in blazing flames.
The black mamba closely misses you.
The blink frog blinks!
Unknown command.
Casting: Sticky Flame
Confirm with . or Enter, or press ? or * to list all spells.
Okay, then.
The blink frog looks more healthy.
The black mamba burns!
The blink frog hits you!
* * * LOW HITPOINT WARNING * * *
Unknown command.
The black mamba burns!
The blink frog hits you!!
You die...

▓▓▓▓▓▓▓▓▓▓▓▓▓▓▓▓▓▓▓▓▓▓▓▓▓▓▓▓▓▓▓▓▓
+≈≈§§≈≈≈.≈♣♣...÷.♣♣♣♣≈≈≈(....
#≈≈§§≈§§≈≈♣♣.≈≈≈≈+♣♣+♣≈≈≈≈≈≈≈
#≈≈§§§§≈÷≈≈'....%#.≈♣♣♣♣♣♣♣♣♣
#≈≈≈§§≈§≈≈♣♣♣....#..♣♣
#≈≈≈≈≈§≈≈≈♣ ♣....###+♣♣♣♣♣
##+####'#######♣....♣♣♣.##..##
.......[.......♣♣.♣♣...##.##.#
#+#############@♣♣♣♣♣(##(##.##+
....SSY%.F♣ ♣..#.##..o#
...######## ♣♣.##.##..#
♣♣.##.##### ♣.....# #######


You could see a death yak, 2 black mambas and a blink frog.

Vanquished Creatures
  Rupert (D)
  A centaur warrior (D)
  Erica (D)
  3 death yaks (D)
  Urug (D)
  2 unseen horrors (D)
  A lindwurm (D)
  A deep elf mage (D)
  A rime drake (D)
  2 spiny frogs (D)
  A komodo dragon (D)
  A queen bee (D)
  3 wandering mushrooms (D)
  7 blink frogs (D)
  2 tyrant leeches (D)
  A shadow (D)
  3 redbacks (D)
  A spatial vortex (D)
  A swamp drake (D)
  A necrophage (D)
  2 centaurs (D)
  A water elemental (D)
  32 killer bees (D)
  A jelly (D)
  Jessica (D)
  A wizard (D)
  A necromancer (D)
  3 humans (D)
  A kobold demonologist (D)
  A phantom (D)
  3 rats (D)
82 creatures vanquished.

Vanquished Creatures (others)
  2 draconian scorchers (D)
  6 hellions (D)
  3 yaktaurs (D)
  12 plants (D)
23 creatures vanquished.

Grand Total: 105 creatures vanquished

Notes
Turn   | Place    | Note
-------+----------+-------------------------------------------
     0 | D        | Kidiri the Deep Elf Fire Elementalist began the quest for the Orb.
     0 | D        | Reached XP level 1. HP: 10/10 MP: 6/6
    65 | D        | Noticed Jessica
    68 | D        | Killed Jessica
    68 | D        | Reached skill level 1 in Fighting
    68 | D        | Reached skill level 1 in Armour
    68 | D        | Reached skill level 5 in Spellcasting
    68 | D        | Reached XP level 2. HP: 16/16 MP: 5/10
    72 | D        | Learned a level 2 spell: Throw Flame
    89 | D        | Killed a hellion
    96 | D        | Killed a hellion
    96 | D        | Killed a hellion
    96 | D        | Killed a hellion
    97 | D        | Killed a hellion
    98 | D        | Killed a hellion
   121 | D        | Killed a yaktaur
   127 | D        | Reached XP level 3. HP: 11/21 MP: 0/12
   132 | D        | Learned a level 3 spell: Conjure Flame
   136 | D        | Learned a level 3 spell: Inner Flame
   174 | D        | Killed a white draconian scorcher
   245 | D        | Killed a white draconian scorcher
   289 | D        | Gained mutation: Your spells are a little harder to cast, but a little more powerful. [potion of mutation]
   289 | D        | Gained mutation: You are partially covered in molten scales. (AC +2) [potion of mutation]
   290 | D        | Lost mutation: Your spells are a little harder to cast, but a little more powerful. [potion of mutation]
   290 | D        | Lost mutation: You are partially covered in molten scales. (AC +2) [potion of mutation]
   290 | D        | Gained mutation: You are frail. (-10% HP) [potion of mutation]
   290 | D        | Gained mutation: You are weak. (Str -2) [potion of mutation]
   290 | D        | Gained mutation: You have supernaturally acute eyesight. (SInv) [potion of mutation]
   291 | D        | Lost mutation: You are weak. (Str -2) [potion of mutation]
   291 | D        | Lost mutation: You have supernaturally acute eyesight. (SInv) [potion of mutation]
   291 | D        | Lost mutation: You are frail. (-10% HP) [potion of mutation]
   291 | D        | Gained mutation: Your body sometimes deteriorates upon taking damage. [potion of mutation]
   291 | D        | Gained mutation: Your mind is acute. (Int +2) [potion of mutation]
   291 | D        | Gained mutation: You evolve. [potion of mutation]
   292 | D        | Lost mutation: Your mind is acute. (Int +2) [potion of mutation]
   292 | D        | Gained mutation: You tend to lose your temper in combat. [potion of mutation]
   292 | D        | Gained mutation: You are covered in fur. (AC +1) [potion of mutation]
   331 | D        | Noticed a water elemental
   334 | D        | Killed a water elemental
   334 | D        | Reached skill level 6 in Spellcasting
   334 | D        | Reached skill level 5 in Fire Magic
   334 | D        | Reached skill level 1 in Evocations
   334 | D        | Reached XP level 4. HP: 17/27 MP: 7/14
   388 | D        | Learned a level 4 spell: Sticky Flame
   490 | D        | Found a radiant altar of Vehumet.
   491 | D        | Found a deep blue altar of Sif Muna.
   491 | D        | Found an ancient bone altar of Kikubaaqudgha.
   491 | D        | Noticed a wizard
   493 | D        | Killed a wizard
   493 | D        | Reached skill level 7 in Spellcasting
   496 | D        | Noticed a rust devil
   496 | D        | Reached skill level 5 in Dodging
   496 | D        | Reached XP level 5. HP: 32/32 MP: 1/17
   521 | D        | Learned a level 5 spell: Fireball
   525 | D        | Became a worshipper of Vehumet
   604 | D        | Found a glowing silver altar of Zin.
   605 | D        | Found a glowing golden altar of the Shining One.
   605 | D        | Found a white marble altar of Elyvilon.
   605 | D        | Noticed a deep elf mage
   616 | D        | Killed a deep elf mage
   616 | D        | Reached skill level 10 in Spellcasting
   616 | D        | Reached skill level 5 in Conjurations
   616 | D        | Reached XP level 6. HP: 38/38 MP: 11/21
   616 | D        | Reached XP level 7. HP: 43/43 MP: 11/22
   621 | D        | Learned a level 3 spell: Mephitic Cloud
   677 | D        | Found a hide-covered altar of Uskayaw.
   677 | D        | Found a roughly hewn altar of Beogh.
   677 | D        | Found an iron altar of Okawaru.
   677 | D        | Found a bloodstained altar of Trog.
   677 | D        | Found an ornate altar of the Wu Jian Council.
   677 | D        | Noticed a human
   680 | D        | Noticed a human
   682 | D        | Killed a human
   682 | D        | Reached skill level 1 in Air Magic
   682 | D        | Reached skill level 1 in Poison Magic
   682 | D        | Reached skill level 5 in Evocations
   688 | D        | Killed a human
   688 | D        | Reached * piety under Vehumet
   688 | D        | Offered knowledge of Freeze by Vehumet.
   691 | D        | Learned a level 1 spell: Freeze
   804 | D        | Found a basalt altar of Yredelemnul.
   804 | D        | Found a shadowy altar of Dithmenos.
   804 | D        | Found a sacrificial altar of Ru.
   903 | D        | Offered knowledge of Sting by Vehumet.
   903 | D        | Reached ** piety under Vehumet
   903 | D        | Reached skill level 11 in Spellcasting
   908 | D        | Noticed a shadow
   920 | D        | Killed a shadow
   920 | D        | Reached skill level 1 in Ice Magic
   920 | D        | Reached XP level 8. HP: 48/48 MP: 6/25
  1025 | D        | Found a blossoming altar of Fedhas.
  1025 | D        | Found a stormy altar of Qazlal.
  1026 | D        | Found a snail-covered altar of Cheibriados.
  1026 | D        | Found a burning altar of Makhleb.
  1026 | D        | Found a hazy altar of Hepliaklqana.
  1026 | D        | Found a shimmering altar of Xom.
  1026 | D        | Found an opulent altar of Gozag.
  1026 | D        | Found a sparkling altar of Nemelex Xobeh.
  1026 | D        | Found a corrupted altar of Lugonu.
  1026 | D        | Found a viscous altar of Jiyva.
  1044 | D        | Reached skill level 5 in Armour
  1126 | D        | Noticed Erica
  1134 | D        | Killed Erica
  1134 | D        | Offered knowledge of Throw Frost by Vehumet.
  1134 | D        | Reached skill level 5 in Fighting
  1134 | D        | Reached skill level 5 in Short Blades
  1134 | D        | Reached skill level 12 in Spellcasting
  1333 | D        | Noticed a centaur warrior
  1335 | D        | Reached *** piety under Vehumet
  1335 | D        | Reached XP level 9. HP: 54/54 MP: 19/27
  1346 | D        | Killed a centaur warrior
  1346 | D        | Offered knowledge of Throw Icicle by Vehumet.
  1352 | D        | Learned a level 4 spell: Throw Icicle
  1453 | D        | Noticed an unseen horror
  1457 | D        | Killed an unseen horror
  1457 | D        | Reached skill level 13 in Spellcasting
  1457 | D        | Reached skill level 5 in Poison Magic
  1463 | D        | Noticed an unseen horror
  1470 | D        | Killed an unseen horror
  1470 | D        | Reached **** piety under Vehumet
  1470 | D        | Offered knowledge of Olgreb's Toxic Radiance by Vehumet.
  1470 | D        | Reached skill level 5 in Ice Magic
  1470 | D        | Reached skill level 5 in Air Magic
  1476 | D        | Learned a level 4 spell: Olgreb's Toxic Radiance
  1629 | D        | Reached XP level 10. HP: 60/60 MP: 23/29
  1630 | D        | Reached ***** piety under Vehumet
  1630 | D        | Offered knowledge of Bolt of Cold by Vehumet.
  1634 | D        | Reached ****** piety under Vehumet
  1635 | D        | Reached skill level 14 in Spellcasting
  1698 | D        | Learned a level 6 spell: Bolt of Cold
  1879 | D        | Offered knowledge of Lightning Bolt by Vehumet.
  1879 | D        | Reached skill level 10 in Dodging
  1941 | D        | Noticed a spiny frog
  1941 | D        | Noticed a spiny frog
  1943 | D        | Killed a spiny frog
  1944 | D        | Killed a spiny frog
  2198 | D        | Noticed a lindwurm
  2200 | D        | Killed a lindwurm
  2200 | D        | Reached XP level 11. HP: 66/66 MP: 19/31
  2201 | D        | Reached skill level 15 in Spellcasting
  2280 | D        | Noticed Urug
  2597 | D        | Killed Urug
  2597 | D        | Reached skill level 10 in Fire Magic
  2876 | D        | Offered knowledge of Conjure Ball Lightning by Vehumet.
  3030 | D        | Noticed Rupert
  3042 | D        | Killed Rupert
  3042 | D        | Reached skill level 10 in Conjurations
  3240 | D        | Noticed a death yak
  3241 | D        | Noticed a death yak
  3243 | D        | Noticed a death yak
  3245 | D        | Noticed a death yak
  3250 | D        | Reached skill level 16 in Spellcasting
  3251 | D        | Killed a death yak
  3254 | D        | Killed a death yak
  3254 | D        | Offered knowledge of Orb of Destruction by Vehumet.
  3394 | D        | Killed a death yak
  3397 | D        | Slain by a blink frog

Vault maps used:
D:        dungeon_sprint_mu

Skill      XL: |  1  2  3  4  5  6  7  8  9 10 11 |
---------------+----------------------------------+-----
Fighting       | 1 2 4 5 6 7 |  7.7
Armour         | 1 2 4 5 6 7 |  7.8
Dodging        | 3 4 5 6 7 8 9 10 11 | 11.3
Spellcasting   | 5 6 7 10 11 12 13 14 16 | 16.3
Conjurations   | 2 3 4 5 6 7 8 9 10 | 10.3
Fire Magic     | 4 5 6 7 8 9 10 | 10.8
Evocations     | 1 2 4 5 6 7 8 9 |  9.8
Short Blades   | 3 4 5 6 7 8 |  8.8
Air Magic      | 2 3 5 6 7 |  7.8
Poison Magic   | 2 4 5 7 8 |  8.4
Ice Magic      | 1 3 5 6 8 |  8.4
Stealth        | |  2.4

Action                   |  1- 3 |  4- 6 |  7- 9 | 10-12 || total
-------------------------+-------+-------+-------+-------++-------
Melee: Unarmed           |     1 |       |       |       ||     1
       Dagger            |       |       |     1 |     8 ||     9
 Cast: Flame Tongue      |    20 |     1 |    73 |    34 ||   128
       Throw Flame       |     1 |       |     1 |       ||     2
       Conjure Flame     |     1 |       |     3 |     6 ||    10
       Sticky Flame      |       |     3 |     7 |    12 ||    22
       Mephitic Cloud    |       |       |     4 |     7 ||    11
       Olgreb's Toxic Ra |       |       |     1 |    11 ||    12
       Fireball          |       |       |     1 |     1 ||     2
       Bolt of Cold      |       |       |       |    14 ||    14
  Use: Potion            |     5 |       |       |     3 ||     8
       Scroll            |     2 |       |       |     1 ||     3
 Stab: Sleeping          |       |       |       |     1 ||     1
  Eat: Chunk             |       |       |     3 |     3 ||     6
       Bread ration      |       |       |       |     1 ||     1
       Royal jelly       |       |       |       |     5 ||     5
Armor: Robe              |     1 |       |     1 |     2 ||     4
Dodge: Dodged            |     4 |     4 |    13 |    32 ||    53
